 Dungeon Crawl Stone Soup version 0.31-a0-826-ga5cc291a1b (webtiles) character file.

Game seed: 1281019371888790557

700 qw the Skirmisher (level 7, 0/44 HPs)
             Began as a Gargoyle Hunter on Sept 23, 2023.
             Killed by divine providence
             ... invoked by an orc priest
              (12 damage)
             ... on level 5 of the Dungeon.
             The game lasted 00:01:33 (3304 turns).

qw the Skirmisher (Gargoyle Hunter)                 Turns: 3304, Time: 00:01:33

Health: 0/44       AC: 13    Str: 15    XL:     7   Next: 65%
Magic:  7/7        EV: 11    Int:  9    God:
Gold:   89         SH:  0    Dex: 15    Spells: 6/6 levels left

rFire   . . .        Y - +0 shortbow
rCold   . . .        (shield currently unavailable)
rNeg    + + .        d - +1 ring mail {rN+}
rPois   inf          i - +2 hat {Stlth+}
rElec   +            (no cloak)
rCorr   .            (no gloves)
SInv    .            (no boots)
Will    .....        (no amulet)
Stlth   ++           (no ring)
HPRegen 0.27/turn    (no ring)
MPRegen 0.10/turn

%: no passive effects
@: no status effects
A: sickness immunity, AC +4, negative energy resistance 1, electricity
resistance, torment resistance 1, petrification resistance
a: no special abilities


You were on level 5 of the Dungeon.
You visited 1 branch of the dungeon, and saw 5 of its levels.

You collected 113 gold pieces.
You spent 24 gold pieces at shops.


Innate Abilities, Weirdness & Mutations

You are immune to sickness and miasma.
Your stone body is resilient. (AC +4)
You are immune to poison.
You resist negative energy. (rN+)
You are resistant to electric shocks. (rElec)
You are resistant to unholy torment.
You are immune to petrification.


   Skills:
 + Level 4.5 Fighting
 - Level 8.1 Ranged Weapons
 - Level 1.4 Armour
 - Level 1.5 Dodging
 - Level 1.1 Stealth


You had 6 spell levels left.
You didn't know any spells.
Your spell library was empty.

Inventory:

Hand Weapons
 Y - a +0 shortbow (weapon)
Armour
 d - a +1 ring mail of positive energy (worn)
 i - a +2 hat of stealth (worn)
Scrolls
 f - a scroll of identify
Potions
 b - a potion of mutation
 e - a potion of attraction {unknown}
 g - a potion of haste {unknown}
 h - a potion of ambrosia {unknown}
 j - a potion of curing {unknown}

Dungeon Overview and Level Annotations

Branches:
Dungeon (5/15)
 Temple: D:4-7

Altars:
Dithmenos
Nemelex Xobeh
Yredelemnul

Shops:
D:3 =*=


Message History

You feel much better.
Your surroundings suddenly seem different.
You start resting.
An ice beast is nearby!
You shoot an arrow. The arrow hits the ice beast!
The ice beast is almost dead.
You shoot an arrow.
The arrow hits the ice beast but does no damage.
The ice beast is almost dead.
3295 |||
Found retreat position at 6,-4 (floor) with 0 blocking monsters and 2 monsters attacking at destination at distance 6 x2
3295 ||| RETREEAATING.
You shoot an arrow. The orc shouts!
The arrow hits the ice beast but does no damage.
The ice beast is almost dead.
You hear a shout!
3297 |||
Found retreat position at 5,-3 (floor) with 0 blocking monsters and 2 monsters attacking at destination at distance 5
3297 ||| STILL RETREEAATING.
The orc priest invokes the aid of Beogh against you.
Beogh smites you!
3298 |||
Found retreat position at 4,-2 (floor) with 0 blocking monsters and 2 monsters attacking at destination at distance 4
3298 ||| STILL RETREEAATING.
3299 |||
Found retreat position at 3,-1 (floor) with 0 blocking monsters and 2 monsters attacking at destination at distance 3
3299 ||| STILL RETREEAATING.
3300 |||
Found retreat position at 3,0 (floor) with 0 blocking monsters and 1 monsters attacking at destination at distance 3
3300 ||| STILL RETREEAATING.
The orc priest mumbles some strange prayers to Beogh against you.
Beogh smites you!
3301 |||
Found retreat position at 2,0 (floor) with 0 blocking monsters and 1 monsters attacking at destination at distance 2
3301 ||| STILL RETREEAATING.
Something unseen opens the door.
3302 |||
Found retreat position at 1,0 (floor) with 0 blocking monsters and 1 monsters attacking at destination at distance 1 x2
3302 ||| RETREEAATING.
You shoot an arrow. The arrow barely misses the ice beast.
You shoot an arrow.
The arrow hits the ice beast but does no damage.
The ice beast is almost dead.
The orc priest invokes the aid of Beogh against you.
Beogh smites you!
You die...

... #######
...###.....
..........#
#........#
#........#####.#
#.........Y@...#
#.........##.......
#.......o..+.......
#......o..##.......
#.........# .......
.. #......o..#
####### #.
###.....#'#
#.######.......
.................


You could see an ice beast and 2 orc priests.

Vanquished Creatures
  An ice beast (D:4)
  A black bear (D:2)
  A phantom (D:4)
  3 scorpions (D:4)
  2 orc priests (D:4)
  An iguana (D:4)
  An orc wizard (D:4)
  8 adders
  2 ufetubi (D:4)
  A dart slug (D:4)
  6 orcs
  7 endoplasms
  2 giant cockroaches
  8 goblins
  8 hobgoblins
  2 jackals (D:1)
  7 kobolds
  2 quokkas
  4 ball pythons
  7 bats
  5 rats
79 creatures vanquished.

Notes
Turn   | Place    | Note
-------+----------+-------------------------------------------
     0 | D:1      | qw the Gargoyle Hunter began the quest for the Orb.
     0 | D:1      | Reached XP level 1. HP: 12/12 MP: 1/1
     0 | D:1      | 0 ||| qw: Version: 0.3-a-83-gcd0e7d8
     0 | D:1      | 0 ||| qw: Game counter: 1882
     0 | D:1      | 0 ||| qw: Melee chars always use a shield: true
     0 | D:1      | 0 ||| qw: God list: Okawaru
     0 | D:1      | 0 ||| qw: Allow faded altars: false
     0 | D:1      | 0 ||| qw: Do Orc after clearing Dungeon:15 true
     0 | D:1      | 0 ||| qw: Do second Lair branch before Depths: true
     0 | D:1      | 0 ||| qw: Lair rune preference: random
     0 | D:1      | 0 ||| qw: Goals: Normal
     0 | D:1      | 0 ||| PLANNING D:1-11
   343 | D:1      | Reached XP level 2. HP: 17/17 MP: 2/2
   903 | D:1      | 903 ||| UPGRADING to +1 ring mail of positive energy.
   913 | D:1      | 913 ||| DROPPING +0 leather armour.
   914 | D:1      | 914 ||| READING scroll labelled VOZAFE WOGETOD.
   915 | D:1      | 915 ||| READING scroll labelled XEPHEY QEHACW.
   916 | D:1      | 916 ||| DROPPING scroll of butterflies.
   983 | D:2      | Reached XP level 3. HP: 16/21 MP: 3/3
  1043 | D:2      | 1043 ||| READING scroll labelled KEYCVASTRACK.
  1048 | D:2      | 1048 ||| Stepping randomly (stuck).
  1049 | D:2      | 1049 ||| Stepping randomly (stuck).
  1050 | D:2      | 1050 ||| Stepping randomly (stuck).
  1051 | D:2      | 1051 ||| Stepping randomly (stuck).
  1052 | D:2      | 1052 ||| Stepping randomly (stuck).
  1053 | D:2      | 1053 ||| Stepping randomly (stuck).
  1054 | D:2      | 1054 ||| Stepping randomly (stuck).
  1055 | D:2      | 1055 ||| Stepping randomly (stuck).
  1056 | D:2      | 1056 ||| Stepping randomly (stuck).
  1057 | D:2      | 1057 ||| Stepping randomly (stuck).
  1058 | D:2      | 1058 ||| Stepping randomly (stuck).
  1059 | D:2      | 1059 ||| Stepping randomly (stuck).
  1060 | D:2      | 1060 ||| Stepping randomly (stuck).
  1061 | D:2      | 1061 ||| Stepping randomly (stuck).
  1062 | D:2      | 1062 ||| Stepping randomly (stuck).
  1063 | D:2      | 1063 ||| Stepping randomly (stuck).
  1064 | D:2      | 1064 ||| Stepping randomly (stuck).
  1065 | D:2      | 1065 ||| Stepping randomly (stuck).
  1066 | D:2      | 1066 ||| Stepping randomly (stuck).
  1067 | D:2      | 1067 ||| Stepping randomly (stuck).
  1068 | D:2      | 1068 ||| Stepping randomly (stuck).
  1069 | D:2      | 1069 ||| Stepping randomly (stuck).
  1070 | D:2      | 1070 ||| Stepping randomly (stuck).
  1071 | D:2      | 1071 ||| Stepping randomly (stuck).
  1072 | D:2      | 1072 ||| Stepping randomly (stuck).
  1073 | D:2      | 1073 ||| Stepping randomly (stuck).
  1074 | D:2      | 1074 ||| Stepping randomly (stuck).
  1075 | D:2      | 1075 ||| Stepping randomly (stuck).
  1076 | D:2      | 1076 ||| Stepping randomly (stuck).
  1078 | D:2      | 1078 ||| Stepping randomly (stuck).
  1079 | D:2      | 1079 ||| Stepping randomly (stuck).
  1080 | D:2      | 1080 ||| Stepping randomly (stuck).
  1081 | D:2      | 1081 ||| Stepping randomly (stuck).
  1082 | D:2      | 1082 ||| Stepping randomly (stuck).
  1083 | D:2      | 1083 ||| Stepping randomly (stuck).
  1159 | D:2      | Reached skill level 1 in Armour
  1266 | D:2      | Reached skill level 5 in Ranged Weapons
  1279 | D:2      | Reached XP level 4. HP: 25/27 MP: 4/4
  1410 | D:2      | Found a shadowy altar of Dithmenos.
  1563 | D:2      | 1563 ||| READING 3 scrolls labelled DAAROF ODOC.
  1564 | D:2      | 1564 ||| READING 2 scrolls of identify.
  1564 | D:2      | 1564 ||| IDENTIFYING glowing emerald potion
  1577 | D:3      | Noticed a black bear
  1581 | D:3      | 1581 ||| STAIRDANCE
  1587 | D:2      | Killed a black bear
  1588 | D:2      | Reached XP level 5. HP: 24/34 MP: 5/5
  1633 | D:3      | Found a basalt altar of Yredelemnul.
  1692 | D:3      | Found Miatowuu's Assorted Antiques.
  1700 | D:3      | 1700 ||| BUYING scroll labelled QORUEMOIJAO (24 gold).
  1700 | D:3      | Bought a scroll labelled QORUEMOIJAO for 24 gold pieces
  1700 | D:3      | 1700 ||| SHOPLISTING scroll of identify (48 gold, have 17).
  1700 | D:3      | 1700 ||| SHOPLISTING scroll of teleportation (72 gold, have
                  | 17).
  1700 | D:3      | 1700 ||| SHOPLISTING tapered fluorescent wand (96 gold,
                  | have 17).
  1700 | D:3      | 1700 ||| SHOPLISTING twisted leather armour (168 gold, have
                  | 17).
  1713 | D:3      | Found Culatak's Jewellery Shop.
  1723 | D:3      | 1723 ||| FLEEEEING.
  1724 | D:3      | 1724 ||| FLEEEEING.
  1725 | D:3      | 1725 ||| FLEEEEING.
  1726 | D:3      | 1726 ||| FLEEEEING.
  1727 | D:3      | 1727 ||| FLEEEEING.
  1731 | D:3      | 1731 ||| FLEEEEING.
  1732 | D:3      | 1732 ||| FLEEEEING.
  1733 | D:3      | 1733 ||| STAIRDANCE
  1750 | D:2      | 1750 ||| UPGRADING to +2 hat of stealth.
  1755 | D:2      | 1755 ||| READING scroll labelled QORUEMOIJAO.
  1756 | D:2      | 1756 ||| READING 2 scrolls of identify.
  1756 | D:2      | 1756 ||| IDENTIFYING metallic grey potion
  1789 | D:3      | 1789 ||| SHOPLISTING +5 ring of evasion (432 gold, have
                  | 41).
  1789 | D:3      | 1789 ||| SHOPLISTING amulet of the acrobat (360 gold, have
                  | 41).
  1789 | D:3      | 1789 ||| SHOPLISTING ring of positive energy (240 gold,
                  | have 41).
  1789 | D:3      | 1789 ||| SHOPLISTING ring of resist corrosion (240 gold,
                  | have 41).
  1789 | D:3      | 1789 ||| SHOPLISTING ring of see invisible (180 gold, have
                  | 41).
  1789 | D:3      | 1789 ||| SHOPLISTING ring of willpower (300 gold, have 41).
  1970 | D:3      | Found a sparkling altar of Nemelex Xobeh.
  2000 | D:3      | Found Hamesk's Jewellery Boutique.
  2006 | D:3      | 2006 ||| SHOPLISTING +6 ring of strength (360 gold, have
                  | 52).
  2006 | D:3      | 2006 ||| SHOPLISTING amulet of faith (400 gold, have 52).
  2006 | D:3      | 2006 ||| SHOPLISTING ring of Departure {Contam Fly rPois
                  | Will++ Stlth+} (403 gold, have 52).
  2105 | D:4      | Reached XP level 6. HP: 37/39 MP: 6/6
  2114 | D:4      | Reached skill level 6 in Ranged Weapons
  2182 | D:4      | 2182 ||| FLEEEEING.
  2184 | D:4      | 2184 ||| FLEEEEING.
  2456 | D:4      | Reached skill level 7 in Ranged Weapons
  2507 | D:4      | Noticed an ice beast
  2514 | D:4      | Reached XP level 7. HP: 43/44 MP: 7/7
  2516 | D:4      | 2516 ||| Stepping ~*~*~tactically~*~*~ (retreating).
  2674 | D:4      | 2674 ||| FLEEEEING.
  2675 | D:4      | 2675 ||| FLEEEEING.
  3068 | D:4      | Reached skill level 8 in Ranged Weapons
  3228 | D:4      | 3228 ||| READING scroll labelled TYAMPI XUHATRO.
  3269 | D:5      | Entered Level 5 of the Dungeon
  3273 | D:5      | 3273 ||| RETREEAATING.
  3274 | D:5      | 3274 ||| STILL RETREEAATING.
  3275 | D:5      | 3275 ||| STILL RETREEAATING.
  3276 | D:5      | 3276 ||| STILL RETREEAATING.
  3284 | D:5      | HP: 10/44 [ice beast (10)]
  3285 | D:5      | 3285 ||| READING scroll of teleportation.
  3286 | D:5      | 3286 ||| DRINKING 2 potions of heal wounds.
  3287 | D:5      | 3287 ||| DRINKING potion of heal wounds.
  3295 | D:5      | 3295 ||| RETREEAATING.
  3297 | D:5      | 3297 ||| STILL RETREEAATING.
  3298 | D:5      | 3298 ||| STILL RETREEAATING.
  3299 | D:5      | 3299 ||| STILL RETREEAATING.
  3300 | D:5      | 3300 ||| STILL RETREEAATING.
  3300 | D:5      | HP: 11/44 [orc priest/divine providence (9)]
  3301 | D:5      | 3301 ||| STILL RETREEAATING.
  3302 | D:5      | 3302 ||| RETREEAATING.
  3304 | D:5      | Killed from afar by an orc priest

Levels and vault maps discovered:
D:1:      evilmike_arrival_home_sweet_home, layout_basic
D:2:      kennysheep_big_flooded_room, layout_basic, basic_altar
D:3:      layout_rooms, yredelemnul_altar_generic, lemuel_crystal_altar,
          serial_shops, shop, nicolae_shop_peninsula, shop
D:4:      minmay_recursive_quarters, layout_cave_pods, grunt_ministairs_1,
          corexii_checkpoint_a
D:5:      layout_basic, minitemple, st_stairs_2

Skill      XL: |  1  2  3  4  5  6  7 |
---------------+----------------------+-----
Armour         | 1 |  1.4
Ranged Weapons | 5 7 8 |  8.1
Fighting       | 4 |  4.5
Dodging        | |  1.5
Stealth        | |  1.1

Action                     |  1- 3 |  4- 6 |  7- 9 || total
---------------------------+-------+-------+-------++-------
   Fire: Shortbow          |    97 |   149 |    75 ||   321
    Use: Scroll            |     3 |     4 |     2 ||     9
         Potion            |       |       |     2 ||     2
 Armour: Leather armour    |     7 |       |       ||     7
         Ring mail         |    12 |    75 |    52 ||   139
  Dodge: Dodged            |    26 |    47 |    32 ||   105

Table legend:
 A = Non-vault XP
 B = Vault XP
 C = Vault XP percentage of total XP
 D = Non-vault monster count
 E = Vault monster count
 F = Vault count percentage of total count
                 A         B        C        D         E       F
            +---------+---------+-------+---------+---------+-------
      Total |     945 |      56 |   5.6 |      69 |      10 |  12.7
            +---------+---------+-------+---------+---------+-------
        D:1 |      31 |       0 |   0.0 |      20 |       0 |   0.0
        D:2 |     186 |       4 |   2.1 |      14 |       2 |  12.5
        D:3 |      42 |       0 |   0.0 |      10 |       0 |   0.0
        D:4 |     683 |      52 |   7.1 |      24 |       8 |  25.0
        D:5 |       3 |       0 |   0.0 |       1 |       0 |   0.0
            +---------+---------+-------+---------+---------+-------
